AoeStats
← Halogenlampen

Lombardia

508957081Analyzed
4v4 RM · 6d ago on Sep 24, 2026· 68m 53s· 8 players
Game mode
Random Map
Map size
Large (8 player)
Population
200
Speed
Normal
Resources
Standard
Victory
Conquest
Starting age
Dark Age
Ending age
Imperial Age
RankedLock teamsTeams togetherTeam positionsShared explorationLock speedFull tech treeHidden civsTurbo modeCheats
Victory
Defeat
🇲🇽 Mongols · Mexico
1190
+16
🇳🇱 Franks · Netherlands
1182
+16
🇨🇿 Georgians · Czechia
1159
+17
🇳🇱 Khmer · Netherlands
1140
+18
🇩🇪 Bohemians · Germany
1320
-21
🇩🇪 Persians · Germany
1297
-21
🇩🇪 Sicilians · Germany
1211
-18
🇩🇪 Maya · Germany
934
-23
HD_montu
7:29 Loom
10:33 Feudal Age
15:48 Castle Age
14:07 Double-Bit Axe
14:05 Horse Collar
14:19 Gold Mining
17:01 Fletching
20:13 Bow Saw
21:57 Heavy Plow
25:04 Wheelbarrow
25:00 Stone Mining
25:51 Gold Shaft Mining
27:01 Bodkin Arrow
31:09 Imperial Age
29:22 Stone Shaft Mining
29:21 Padded Archer Armor
29:44 Ballistics
31:04 Bloodlines
30:55 Husbandry
31:02 Thumb Ring
32:02 Bracer
32:17 Leather Archer Armor
33:21 Conscription
36:06 Chemistry
35:34 Parthian Tactics
36:41 Elite Mangudai
38:45 Capped Ram
40:09 Drill
40:41 Siege Ram
46:16 Caravan
47:13 Masonry
47:18 Forging
54:18 Light Cavalry
55:18 Hussar
Kovboj
4:32 Loom
11:03 Feudal Age
12:08 Double-Bit Axe
16:45 Castle Age
15:10 Horse Collar
17:54 Bow Saw
21:09 Heavy Plow
22:35 Forging
23:33 Wheelbarrow
23:53 Scale Barding Armor
23:59 Bloodlines
25:16 Iron Casting
25:08 Gold Mining
25:49 Fletching
27:35 Chain Barding Armor
32:44 Imperial Age
30:32 Bodkin Arrow
31:44 Husbandry
34:18 Plate Barding Armor
33:22 Capped Ram
35:13 Blast Furnace
34:19 Murder Holes
34:50 Bracer
34:15 Light Cavalry
35:13 Hand Cart
35:29 Conscription
35:32 Ballistics
40:06 Elite Monaspa
40:54 Stone Mining
42:01 Hoardings
40:51 Man-at-Arms
42:04 Crop Rotation
42:49 Caravan
44:30 Town Watch
45:39 Hussar
46:15 Capped Ram
47:22 Aznauri Cavalry
49:27 Scale Mail Armor
49:16 Gambesons
53:17 Town Patrol
54:21 Squires
53:42 Long Swordsman
55:23 Two-Handed Swordsman
56:19 Chain Mail Armor
58:26 Svan Towers
58:49 Arson
59:35 Plate Mail Armor
60:41 Champion
67:15 Chemistry
Donkerzs
7:37 Loom
7:43 Loom
11:14 Feudal Age
12:36 Double-Bit Axe
19:09 Castle Age
18:46 Wheelbarrow
18:34 Forging
19:35 Scale Barding Armor
20:16 Bow Saw
22:46 Caravan
29:46 Iron Casting
29:32 Chain Barding Armor
32:00 Imperial Age
32:09 Cavalier
32:50 Husbandry
34:12 Paladin
40:50 Blast Furnace
40:55 Plate Barding Armor
41:04 Light Cavalry
43:07 Chivalry
43:34 Conscription
43:16 Chivalry
jsvos123
10:43 Feudal Age
9:06 Loom
11:46 Horse Collar
12:22 Town Watch
13:11 Double-Bit Axe
17:28 Castle Age
15:47 Gold Mining
16:29 Stone Mining
19:23 Heavy Plow
19:38 Bow Saw
22:01 Wheelbarrow
26:45 Bloodlines
26:36 Husbandry
29:03 Fletching
29:19 Scale Barding Armor
29:24 Forging
30:22 Murder Holes
30:48 Ballistics
30:39 Fortified Wall
34:00 Imperial Age
33:30 Caravan
34:37 Pikeman
35:02 Arson
35:56 Conscription
37:00 Scale Mail Armor
37:36 Iron Casting
37:22 Chain Barding Armor
36:58 Bodkin Arrow
38:06 Chemistry
36:58 Halberdier
44:24 Chain Mail Armor
45:10 Blast Furnace
44:46 Plate Barding Armor
44:12 Bracer
44:54 Double Crossbow
46:19 Crop Rotation
46:54 Elite Ballista Elephant
48:13 Hoardings
47:19 Light Cavalry
48:51 Hussar
Dj Paddy
7:25 Loom
11:01 Feudal Age
15:49 Castle Age
15:18 Double-Bit Axe
24:19 Horse Collar
25:41 Heavy Plow
27:00 Wheelbarrow
26:40 Gold Mining
31:24 Imperial Age
29:25 Forging
29:16 Scale Mail Armor
29:39 Ballistics
29:16 Murder Holes
29:51 Hand Cart
30:17 First Crusade
30:03 Squires
29:55 Arson
30:33 Bow Saw
31:04 Iron Casting
31:17 Gold Shaft Mining
31:02 Chain Mail Armor
31:22 Town Watch
31:28 Elite Serjeant
32:31 Conscription
33:13 Blast Furnace
34:01 Plate Mail Armor
34:27 Elite Skirmisher
34:59 Fletching
35:09 Padded Archer Armor
36:43 Chemistry
35:50 Siege Engineers
35:30 Arrowslits
36:55 Bodkin Arrow
37:16 Leather Archer Armor
37:16 Stone Mining
38:08 Crop Rotation
38:00 Bracer
40:16 Stone Shaft Mining
45:40 Pikeman
46:39 Halberdier
MergaTorbi
7:17 Loom
9:47 Feudal Age
13:22 Castle Age
12:30 Double-Bit Axe
19:10 Horse Collar
21:53 Wheelbarrow
21:47 Bow Saw
22:07 Heavy Plow
22:52 Town Watch
24:01 Hand Cart
29:27 Imperial Age
29:42 Imperial Age
29:07 Bloodlines
29:04 Scale Barding Armor
29:10 Forging
29:45 Ballistics
29:30 Kamandaran
30:14 Chain Barding Armor
29:46 Cavalier
32:25 Husbandry
34:24 Crop Rotation
35:43 Chemistry
34:31 Savar
35:56 Iron Casting
35:44 Crossbowman
37:24 Plate Barding Armor
37:30 Conscription
37:42 Town Patrol
39:15 Blast Furnace
40:29 Thumb Ring
40:37 Fletching
40:48 Padded Archer Armor
44:26 Crop Rotation
44:58 Two-Man Saw
44:51 Citadels
44:18 Heavy Camel Rider
50:32 Light Cavalry
52:13 Pikeman
53:04 Scale Mail Armor
52:58 Halberdier
58:29 Capped Ram
59:29 Chain Mail Armor
59:01 Arson
59:17 Squires
59:03 Gambesons
61:38 Man-at-Arms
63:19 Long Swordsman
65:29 Siege Ram
65:58 Hussar
Bruderachim
6:23 Loom
12:36 Feudal Age
14:03 Wheelbarrow
14:10 Double-Bit Axe
16:28 Castle Age
20:25 Bow Saw
21:22 Horse Collar
22:09 Fervor
23:33 Heavy Plow
26:12 Hand Cart
30:39 Imperial Age
29:41 Chemistry
28:34 Town Watch
29:15 Ballistics
28:59 Scale Mail Armor
29:11 Forging
29:57 Fortified Wall
30:14 Chain Mail Armor
30:24 Squires
29:44 Pikeman
30:45 Masonry
30:56 Ballistics
33:16 Plate Mail Armor
33:22 Iron Casting
32:23 Halberdier
33:05 Houfnice
35:09 Two-Man Saw
35:10 Siege Engineers
36:07 Wagenburg Tactics
36:23 Conscription
41:00 Architecture
40:27 Murder Holes
40:21 Arrowslits
40:28 Guard Tower
41:48 Arson
42:22 Fletching
43:33 Blast Furnace
46:20 Coinage
45:54 Caravan
46:07 Guilds
46:52 Padded Archer Armor
46:48 Bodkin Arrow
47:10 Elite Skirmisher
53:11 Leather Archer Armor
52:56 Bracer
55:55 Elite Hussite Wagon
57:24 Keep
Halogenlampen
11:51 Feudal Age
12:15 Horse Collar
13:41 Loom
14:33 Wheelbarrow
14:39 Double-Bit Axe
15:11 Gold Mining
17:54 Stone Mining
29:03 Castle Age
29:28 Fletching
29:39 Padded Archer Armor
30:46 Stone Shaft Mining
30:17 Heavy Plow
32:03 Man-at-Arms
35:56 Bodkin Arrow
36:17 Leather Archer Armor
37:23 Crossbowman
39:12 Ballistics
38:39 Treadmill Crane
42:22 Imperial Age
40:34 Bow Saw
42:32 Elite Plumed Archer
56:13 Arbalester
Connection lost

Rejoining the realm…

Still unreachable

The connection could not be restored.

Session expired

The server has moved on; the page needs a fresh start.